Map: Efemeryda ER

Players

Goodman - Winner!

  • Race: Terran Terran
  • League: Silver
  • Spawn Location: 11:00

kers

  • Race: Protoss Protoss
  • League: Platinum
  • Spawn Location: 5:00

VOD

Have the link to the VOD?

Description

Time

  • Played on: March 5, 2020, 2:12 p.m.
  • Length: 16:26
Show
View Real Time Build Order
Export as new Build Order

Goodman Terran - Winner!

Build Orders:  

Get SALT Encoding   

  12  0:01  SCV  
  13  0:13  SCV  
  14  0:20  Supply Depot  
  14  0:25  SCV  
  15  0:42  SCV  
  16  0:46  Barracks  
  16  0:50  Supply Depot  
  16  0:54  SCV  
  17  1:07  Refinery  
  17  1:08  SCV  
  18  1:12  Refinery  
  18  1:37  Orbital Command  
  18  2:06  Command Center  
  18  2:09  Marine  
  19  2:16  SCV  
  20  2:27  Barracks Tech Lab  
  20  2:30  SCV  
  21  2:48  Factory  
  21  2:49  SCV  
  22  3:01  SCV, Marine  
  24  3:13  SCV  
  24  3:18  Orbital Command  
  25  3:24  Refinery  
  25  3:28  SCV  
  25  3:32  Factory Tech Lab  
  26  3:36  Starport  
  26  3:46  SCV  
  27  3:49  Marine  
  27  3:55  Siege Tank  
  31  3:58  SCV x2  
  33  4:10  SCV  
  33  4:11  Marine  
  33  4:13  SCV  
  36  4:18  Supply Depot  
  36  4:35  Factory Tech Lab  
  36  4:38  Starport, Banshee  
  36  4:40  Cloaking Field  
  36  4:44  Armory  
  39  4:46  Marine  
  40  4:57  SCV  
  41  5:04  Refinery  
  41  5:09  SCV  
  42  5:15  Factory Tech Lab  
  42  5:21  Banshee  
  42  5:27  Starport  
  45  5:31  Terran Ship Weapons Level 1  
  45  5:39  SCV  
  45  5:41  SCV  
  45  5:42  Bunker  
  47  5:50  Banshee  
  47  5:51  SCV  
  47  5:53  SCV  
  52  6:03  SCV, Supply Depot  
  53  6:05  SCV, Starport Tech Lab  
  54  6:24  SCV x2, Marine, Banshee  
  59  6:26  Supply Depot, Engineering Bay  
  59  6:29  Banshee  
  62  6:35  Fusion Core  
  62  6:48  SCV x2  
  64  7:00  SCV x2  
  66  7:03  Command Center  
  66  7:12  SCV x2  
  68  7:19  Supply Depot  
  68  7:24  SCV  
  69  7:42  Supply Depot  
  66  8:01  Battlecruiser  
  66  8:03  Battlecruiser  
  66  8:04  Battlecruiser  
  66  8:05  Supply Depot  
  84  8:13  Weapon Refit  
  84  8:20  Missile Turret  
  84  8:22  Planetary Fortress  
  83  8:50  Terran Ship Weapons Level 2  
  83  9:00  SCV  
  84  9:12  SCV  
  85  9:25  SCV  
  86  9:37  SCV  
  87  9:43  Battlecruiser x3  
  105  9:49  SCV  
  106  10:01  SCV  
  107  10:12  Missile Turret  
  107  10:13  SCV  
  108  10:27  Missile Turret  
  108  10:38  Refinery  
  108  10:52  Missile Turret  
  108  11:04  Refinery  
  95  11:13  Terran Ship Weapons Level 3  
  93  11:34  Battlecruiser x2  
  93  11:39  Battlecruiser  
  111  11:42  Supply Depot  
  111  11:45  SCV  
  112  11:57  SCV  
  113  12:04  Supply Depot  
  113  12:09  SCV  
  114  12:21  SCV  
  100  12:33  SCV  
  95  13:13  Battlecruiser x2  
  95  13:19  SCV  
  108  13:31  SCV  
  109  13:43  SCV  
  98  13:55  SCV  
  99  14:04  Battlecruiser  
  99  14:08  SCV  
  100  14:48  Battlecruiser x2  
  112  15:27  Command Center  
  106  15:43  SCV  
  107  15:50  Refinery  
  107  15:56  SCV  
  105  16:08  SCV  
Show
View Real Time Build Order
Export as new Build Order

kers Protoss 

Build Orders: 1 Gate Expand, Archon Immortal 

Get SALT Encoding   

  12  0:00  Probe  
  13  0:12  Probe  
  14  0:19  Pylon  
  14  0:25  Probe  
  15  0:37  Probe (Chrono Boost)  
  15  0:41  Gateway  
  16  0:49  Assimilator  
  17  0:50  Probe (Chrono Boost)  
  17  0:55  Probe (Chrono Boost)  
  18  1:04  Probe  
  19  1:16  Probe  
  20  1:28  Nexus  
  20  1:44  Probe, Cybernetics Core  
  21  1:56  Probe, Pylon  
  23  2:08  Probe  
  23  2:18  Warp Gate (Chrono Boost)  
  23  2:20  Probe, Robotics Facility  
  24  2:24  Adept  
  26  2:31  Assimilator  
  26  2:32  Probe  
  27  2:41  Probe  
  28  2:44  Probe  
  29  2:53  Probe  
  29  2:57  Probe  
  31  3:02  Stalker  
  31  3:05  Probe  
  34  3:09  Probe  
  34  3:12  Pylon  
  35  3:14  Observer  
  35  3:15  Gateway  
  35  3:17  Probe  
  37  3:21  Probe  
  37  3:23  Gateway  
  38  3:29  Probe  
  38  3:33  Probe  
  40  3:39  Observer  
  41  3:41  Probe  
  41  3:45  Probe  
  41  3:47  Pylon  
  43  3:50  Assimilator  
  43  3:52  Assimilator  
  43  3:53  Probe  
  44  3:57  Probe  
  45  4:05  Probe  
  45  4:07  Twilight Council  
  45  4:09  Probe  
  47  4:11  Immortal  
  51  4:17  Probe  
  51  4:21  Probe  
  51  4:24  Pylon  
  53  4:30  Probe, Pylon  
  54  4:33  Probe  
  55  4:39  Stalker  
  55  4:40  Stalker x2  
  55  4:42  Probe  
  62  4:45  Probe  
  63  4:54  Probe, Immortal  
  63  4:58  Probe  
  69  5:06  Probe  
  70  5:08  Blink (Chrono Boost)  
  70  5:10  Probe, Sentry x2  
  75  5:15  Zealot  
  75  5:18  Probe  
  78  5:24  Pylon  
  78  5:27  Pylon  
  78  5:35  Forge  
  78  5:42  Probe x2  
  80  5:43  Gateway  
  80  5:45  Gateway  
  80  5:47  Stalker x2  
  80  5:48  Stalker  
  86  5:54  Probe x2, Immortal  
  92  6:06  Probe x2  
  92  6:09  Photon Cannon  
  92  6:10  Pylon  
  94  6:11  Pylon  
  94  6:28  Probe x2  
  96  6:33  Photon Cannon, Warp Prism  
  98  6:40  Probe x2  
  98  6:42  Stalker  
  102  6:49  Pylon  
  102  6:50  Pylon  
  102  6:53  Probe x2  
  104  7:00  Protoss Ground Weapons Level 1 (Chrono Boost)  
  104  7:05  Probe x2  
  106  7:12  Nexus  
  106  7:15  Pylon  
  106  7:19  Pylon, Observer  
  106  7:26  Sentry x2  
  114  7:36  Templar Archives  
  114  7:52  Pylon  
  114  7:54  Pylon  
  114  7:56  Immortal  
  114  8:03  Photon Cannon  
  114  8:04  Assimilator  
  114  8:08  Assimilator  
  114  8:11  Photon Cannon  
  114  8:14  Probe x2  
  114  8:15  Photon Cannon  
  114  8:17  Photon Cannon  
  114  8:18  Shield Battery x2  
  116  8:20  Shield Battery  
  116  8:25  Shield Battery  
  116  8:28  Zealot x3  
  116  8:31  Charge (Chrono Boost)  
  122  8:39  Probe x3  
  121  8:56  Probe x3  
  121  8:57  Observer (Chrono Boost)  
  121  8:58  Protoss Ground Armor Level 1 (Chrono Boost)  
  121  9:02  High Templar x4  
  129  9:06  Archon  
  129  9:07  Archon  
  131  9:18  Gateway  
  131  9:19  Gateway  
  131  9:24  Gateway  
  131  9:25  Gateway  
  131  9:26  Gateway  
  131  9:27  Pylon  
  131  9:36  Pylon  
  131  9:38  Pylon, Observer  
  132  9:40  Pylon  
  132  9:43  High Templar  
  132  9:44  High Templar x3  
  140  9:47  Archon  
  140  9:48  Archon  
  140  9:58  Psionic Storm  
  140  10:04  Pylon  
  140  10:05  Pylon x2  
  140  10:07  Pylon  
  140  10:16  Immortal  
  140  10:18  High Templar x2  
  140  10:19  High Templar x3  
  154  10:24  High Templar  
  154  10:25  Archon x2  
  156  10:29  Zealot x4  
  164  10:46  Cybernetics Core  
  164  10:49  Protoss Ground Weapons Level 2  
  164  10:58  Zealot x3  
  164  10:59  Zealot x5  
  180  11:12  Observer  
  180  11:17  High Templar x2  
  170  11:28  High Templar x4  
  170  11:30  Archon x2  
  170  11:31  Archon  
  170  11:32  Archon  
  176  11:41  Stargate  
  176  11:45  Stargate  
  176  11:58  Nexus  
  176  12:01  Pylon  
  176  12:03  Pylon  
  176  12:07  Assimilator  
  176  12:12  Assimilator  
  164  12:16  Pylon  
  164  12:19  Stalker x6  
  164  12:20  Stalker  
  136  12:34  Stalker x3  
  116  12:54  Phoenix x2  
  116  12:56  Stalker x2  
  114  13:15  Stalker  
  114  13:16  Stalker x2  
  114  13:19  Phoenix x2  
  117  13:35  Stalker x2  
  117  13:36  Stalker x3  
  105  13:51  Stalker x2  
  105  13:54  Phoenix  
  93  14:04  Stalker x4  
  64  14:27  Stalker  
  64  14:28  Stalker x5  
  60  14:31  Phoenix  
  56  14:40  Stalker x2  
  48  14:58  Stalker x2  
  48  14:59  Stalker  
  48  15:20  Stalker x3  
  48  16:02  Pylon  
  41  16:12  Stalker x3  
  41  16:13  Stalker  
  41  16:15  Pylon, Nexus  
  48  16:19  Pylon  
Tags
 
Add a new tag
Caveats
  • Supply blocks, unpowered buildings, or Contaminate may cause inaccurate times.
  • Supply counts are checked every 10 seconds.